 Dungeon Crawl Stone Soup version 0.17-a0-1262-gd250d98 (webtiles) character file.

277 HEYYEYAAE the Gusty (level 6, -1/44 HPs)
             Began as a Human Air Elementalist on June 6, 2015.
             Slain by a gnoll
             ... wielding a +0 spear
              (5 damage)
             ... on level 4 of the Dungeon.
             The game lasted 00:05:59 (3309 turns).

HEYYEYAAE the Gusty (Human Air Elementalist)        Turns: 3309, Time: 00:06:00

Health: -1/44      AC:  3    Str:  8    XL:     6   Next: 50%
Magic:  8/10       EV: 12    Int: 18    God:
Gold:   190        SH:  0    Dex: 13    Spells: 4 memorised, 3 levels left

rFire  . . .     SeeInvis +     s - +0 hand axe (chop)
rCold  . . .     Clarity  .     a - +0 robe
rNeg   . . .     SustAt   .     (no shield)
rPois  .         Gourm    .     (no helmet)
rElec  .         Spirit   .     x - +0 cloak
rCorr  .         Warding  .     (no gloves)
rMut   .         Stasis   .     (no boots)
MR     .....                    (no amulet)
Stlth  ++........               (no ring)
                                r - ring of see invisible

@: very slightly contaminated, not resistant to hostile enchantments, unstealthy
A: no striking features
a: no special abilities


You were on level 4 of the Dungeon.
You were not hungry.

You visited 1 branch of the dungeon, and saw 4 of its levels.

You collected 190 gold pieces.

Inventory:

Hand weapons
 m - a +0 dagger
 s - a +0 hand axe of chopping (weapon)
Armour
 a - a +0 robe (worn)
 x - a +0 cloak (worn)
 y - the +2 shield of Resistance {rF+ rC+ MR+}
   (You found it on level 4 of the Dungeon)

   It protects you from fire.
   It protects you from cold.
   It affects your resistance to hostile enchantments.
Jewellery
 r - a ring of see invisible (left hand)
Magical devices
 e - a wand of random effects (17)
Scrolls
 d - a scroll of blinking
 f - a scroll of enchant armour {unknown}
 g - a scroll of recharging {unknown}
 h - 3 scrolls of enchant weapon {unknown}
 i - a scroll of amnesia {unknown}
 j - a scroll of magic mapping {unknown}
 o - a scroll of immolation {unknown}
Potions
 k - a potion of brilliance
 q - a potion of poison
 w - a potion of resistance {unknown}
 z - a potion of invisibility
 A - 2 potions of agility {unknown}
Books
 b - a book of Air

   Spells                             Type                      Level
   a - Shock                          Conjuration/Air              1
   b - Swiftness                      Charms/Air                   2
   c - Repel Missiles                 Charms/Air                   2
   d - Static Discharge               Conjuration/Air              3
   e - Lightning Bolt                 Conjuration/Air              5
Comestibles
 c - 2 bread rations
 l - a slice of pizza
 n - 8 fruits
 p - 2 meat rations
 t - 4 chunks of flesh


   Skills:
 + Level 1.9 Fighting
 + Level 1.8 Armour
 + Level 2.4 Dodging
 - Level 2.0 Stealth
 * Level 3.1 Spellcasting
 * Level 2.7 Conjurations
 * Level 4.3 Air Magic


You had 3 spell levels left.
You knew the following spells:

 Your Spells              Type           Power        Failure   Level  Hunger
a - Shock                 Conj/Air       ###.         4%          1    None
b - Static Discharge      Conj/Air       ###.....     14%         3    ###....
c - Swiftness             Chrm/Air       ##......     12%         2    ##.....
d - Repel Missiles        Chrm/Air       ##....       12%         2    ##.....


Dungeon Overview and Level Annotations

Branches:
Dungeon (4/15)
 Temple: D:4-7

Altars:


Message History

Press: ? - help, Shift-Dir - straight line, f/p - gnoll
Aim: a gnoll, wielding a spear (heavily wounded)
You miscast Shock.
You are very lightly contaminated with residual magic.
Nothing appears to happen.
The gnoll shouts!
The gnoll closely misses you.
A giant gecko comes into view.
Found a ring mail.
The gnoll hits you from afar with a spear!
The gnoll hits you from afar with a spear.
* * * LOW HITPOINT WARNING * * *
The gnoll closely misses you.
The giant gecko hisses menacingly.
The giant gecko misses you. The gnoll barely misses you.
The gnoll hits you with a whip of electrocution.
* * * LOW HITPOINT WARNING * * *
The gnoll hits you from afar with a spear.
You die...

##+### .# #....####+####
#...........##
#...........##
#.....)).....'
#....##.....##
#....##.....##
###############....##.....##
#.........l@..............##
#.........gg...#........(.(.
#........g.g...#............
#..............#...####+####
#..............+...# .g.##
#..............###+## .g...#
#...............)...#g...g.+
#...................'?.....#
#...............(...#g..###


You could see 4 gnolls and a giant gecko.

Vanquished Creatures
  A scorpion (D:4)
  A worker ant (D:4)
  An iguana (D:4)
  An orc wizard (D:3)
  6 adders
  3 worms
  2 giant geckos (D:2)
  12 orcs
  10 bats
  2 giant cockroaches (D:1)
  9 goblins
  4 hobgoblins
  4 jackals (D:2)
  A quokka (D:2)
  A ball python (D:4)
  5 giant newts
  13 kobolds
  2 rats (D:1)
78 creatures vanquished.

Notes
Turn   | Place    | Note
--------------------------------------------------------------
     0 | D:1      | HEYYEYAAE the Human Air Elementalist began the quest for the Orb.
     0 | D:1      | Reached XP level 1. HP: 13/13 MP: 3/3
   217 | D:1      | Reached XP level 2. HP: 2/19 MP: 0/5
   525 | D:1      | Reached skill level 1 in Armour
   906 | D:2      | Reached XP level 3. HP: 16/25 MP: 0/6
  1495 | D:2      | Reached skill level 1 in Fighting
  1588 | D:2      | Reached XP level 4. HP: 27/32 MP: 3/7
  1913 | D:3      | Learned a level 3 spell: Static Discharge
  2123 | D:3      | Reached XP level 5. HP: 15/37 MP: 5/8
  2704 | D:4      | Reached skill level 4 in Air Magic
  2727 | D:4      | Reached XP level 6. HP: 5/43 MP: 1/10
  2813 | D:4      | Learned a level 2 spell: Swiftness
  2816 | D:4      | Learned a level 2 spell: Repel Missiles
  2965 | D:4      | HP: 1/43 [scorpion (6)]
  3309 | D:4      | Slain by a gnoll

Vault maps used:
D:1:      elethiomel_arrival_shortcut, minmay_cupped
D:2:      amethyst_overflow_temple_binary
D:3:      corexii_shack_village, dk_vineyard_3

Action                   |  1- 3 |  4- 6 || total
-------------------------+-------+-------++-------
Melee: Unarmed           |    27 |       ||    27
       Dagger            |    89 |    88 ||   177
       Hand axe          |       |     3 ||     3
 Cast: Shock             |    44 |   102 ||   146
  Use: Potion            |     1 |     8 ||     9
       Scroll            |       |    11 ||    11
 Stab: Sleeping          |     3 |     4 ||     7
  Eat: Chunk             |     1 |     7 ||     8
       Beef jerky        |       |     1 ||     1
